 Dungeon Crawl Stone Soup version 0.26-a0-651-gb41185065b (webtiles) character file.

Game seed: 3897360717214584921

100 vurker the Sneak (level 4, -1/32 HPs)
             Began as a Gnoll Enchanter on Oct 15, 2020.
             Slain by Crazy Yiuf
             ... wielding a +2 quarterstaff of chaos
              (4 damage)
             ... on level 2 of the Dungeon.
             The game lasted 00:03:02 (1851 turns).

vurker the Sneak (Gnoll Enchanter)                  Turns: 1851, Time: 00:03:02

Health: -1/32      AC:  9    Str: 11    XL:     4   Next: 74%
Magic:  11/11      EV:  3    Int: 18    God:
Gold:   99         SH:  0    Dex: 15    Spells: 12/13 levels left

rFire    . . .     SeeInvis .   m - -1 whip (curse)
rCold    . . .     Faith    .   (no shield)
rNeg     . . .     Spirit   .   k - +0 plate armour
rPois    .         Reflect  .   (no helmet)
rElec    .         Harm     .   g - +2 cloak
rCorr    .         Rampage  .   (no gloves)
MR       +....                  (no boots)
Stlth    ..........             i - amulet of regeneration
HPRegen  0.50/turn              e - ring of protection from magic
MPRegen  0.12/turn              b - -4 ring of protection (curse)

@: mighty
A: distributed training, fangs 1, strong nose
a: no special abilities


You were on level 2 of the Dungeon.
You visited 1 branch of the dungeon, and saw 2 of its levels.

You collected 99 gold pieces.

Inventory:

Hand Weapons
 a - a +1 dagger
 m - a cursed -1 whip (weapon)
   (You found it on level 2 of the Dungeon)
Armour
 g - a +2 cloak (worn)
   (You found it on level 1 of the Dungeon)
 k - a +0 plate armour (worn)
   (You found it on level 1 of the Dungeon)
Jewellery
 b - a cursed -4 ring of protection (right hand)
   (You found it on level 1 of the Dungeon)
 c - an uncursed ring of fire {unknown}
   (You found it on level 2 of the Dungeon)
 e - a ring of protection from magic (left hand)
   (You found it on level 1 of the Dungeon)
 i - an amulet of regeneration (around neck)
   (You found it on level 1 of the Dungeon)
Potions
 d - 3 potions of curing {unknown}
 f - a potion of stabbing {unknown}
 h - a potion of heal wounds {unknown}
 j - a potion of haste {unknown}
 l - 2 potions of flight
 n - a potion of resistance {unknown}
 o - a potion of invisibility {unknown}


   Skills:
 + Level 1.2 Fighting
 + Level 2.8 Short Blades
 + Level 1.2 Long Blades
 + Level 1.2 Axes
 + Level 1.2 Maces & Flails
 + Level 1.2 Polearms
 + Level 1.2 Staves
 + Level 1.2 Slings
 + Level 1.2 Bows
 + Level 1.2 Crossbows
 + Level 1.2 Throwing
 + Level 1.2 Armour
 + Level 4.7 Dodging
 + Level 6.1 Stealth
 + Level 1.2 Shields
 + Level 1.2 Unarmed Combat
 + Level 5.1 Spellcasting
 + Level 1.0 Conjurations
 + Level 5.5 Hexes
 + Level 1.0 Summonings
 + Level 1.0 Necromancy
 + Level 1.0 Translocations
 + Level 1.0 Transmutations
 + Level 1.0 Fire Magic
 + Level 1.0 Ice Magic
 + Level 1.0 Air Magic
 + Level 1.0 Earth Magic
 + Level 1.0 Poison Magic
 + Level 1.3 Invocations
 + Level 1.2 Evocations


You had 12 spell levels left.
You knew the following spells:

 Your Spells              Type           Power        Failure   Level
a - Corona                Hex            ###....      99%         1

Your spell library contained the following spells:

 Spells                   Type           Power        Failure   Level
 Ensorcelled Hibernation  Hex/Ice        ###...       100%        2
 Confusing Touch          Hex            ###.....     100%        3
 Dazzling Flash           Conj/Hex       ###...       100%        3
 Tukima's Dance           Hex            ###.....     100%        3


Dungeon Overview and Level Annotations

Branches:
Dungeon (2/15)

Altars:
Qazlal
Uskayaw
The Shining One

Annotations:
D:2 Crazy Yiuf


Innate Abilities, Weirdness & Mutations

Your experience applies equally to all skills.
You have very sharp teeth.
Your uncanny sense of smell can sniff out nearby items.


Message History

The frilled lizard completely misses you.
You hit the frilled lizard.
You kill the frilled lizard!
No target in view!
No target in view!
No target in view!
No target in view!
No target in view!
No target in view!
No target in view!
No target in view!
No target in view!
No target in view!
No target in view!
You see here a frilled lizard corpse.
You see here a frilled lizard corpse.
Found 8 gold pieces.
Found a hide-covered altar of Uskayaw.
You now have 99 gold pieces (gained 8).
There is an escape hatch in the ceiling here.
You see here a ball python corpse.
Partly explored, can't reach some places.
You hit the fungus.
The fungus begins to die.
You bite the fungus, but do no damage. You hit the fungus. You bite the fungus.
You hit the fungus but do no damage. You hit the fungus. You hit the fungus.
You bite the fungus.
A nearby fungus withers and dies.
Found a mace.
Crazy Yiuf shouts!
You open the door. You closely miss Crazy Yiuf. Your bite misses Crazy Yiuf.
Crazy Yiuf hits you but does no damage.
You hit Crazy Yiuf but do no damage.
Crazy Yiuf whimpers, "Gum King turtle!"
Crazy Yiuf hits you with a +2 quarterstaff of chaos.
You feel very mighty all of a sudden.
You closely miss Crazy Yiuf.
Crazy Yiuf hits you with a +2 quarterstaff of chaos.
You whack Crazy Yiuf! Crazy Yiuf hits you but does no damage.
You hit Crazy Yiuf. Your bite misses Crazy Yiuf.
Crazy Yiuf hits you with a +2 quarterstaff of chaos.
You hit Crazy Yiuf.
Crazy Yiuf hits you with a +2 quarterstaff of chaos.
You are electrocuted!
* * * LOW HITPOINT WARNING * * *
Unknown command.
You hit Crazy Yiuf. Your bite misses Crazy Yiuf.
Crazy Yiuf hits you with a +2 quarterstaff of chaos.
You die...

####
#......##...# #..
######......##
### ####....#
####.## #..#
♣♣♣♣♣###†# ###
♣♣♣.♣.P..#.#
#...#♣..♣.P.....#
#...g@♣♣♣♣PP....#
#)..#♣♣ ♣♣♣...##
### ♣####


You could see Crazy Yiuf.

Vanquished Creatures
  4 adders (D:2)
  An ooze (D:2)
  A worm (D:2)
  2 dart slugs (D:2)
  2 leopard geckos
  2 ball pythons (D:2)
  3 bats
  9 giant cockroaches
  6 hobgoblins
  3 kobolds
  6 frilled lizards
  5 goblins
  8 rats
52 creatures vanquished.

Vanquished Creatures (others)
  A fungus (D:2)
1 creature vanquished.

Grand Total: 53 creatures vanquished

Notes
Turn   | Place    | Note
-------+----------+-------------------------------------------
     0 | D:1      | vurker the Gnoll Enchanter began the quest for the Orb.
     0 | D:1      | Reached XP level 1. HP: 13/13 MP: 6/6
   244 | D:1      | Reached XP level 2. HP: 19/19 MP: 7/7
   716 | D:1      | Reached XP level 3. HP: 25/25 MP: 9/9
   721 | D:1      | Reached skill level 5 in Spellcasting
   947 | D:2      | Reached skill level 6 in Stealth
  1000 | D:2      | Reached skill level 1 in Invocations
  1129 | D:2      | Reached skill level 1 in Fighting
  1129 | D:2      | Reached skill level 1 in Long Blades
  1129 | D:2      | Reached skill level 1 in Axes
  1129 | D:2      | Reached skill level 1 in Maces & Flails
  1129 | D:2      | Reached skill level 1 in Polearms
  1129 | D:2      | Reached skill level 1 in Staves
  1129 | D:2      | Reached skill level 1 in Slings
  1129 | D:2      | Reached skill level 1 in Bows
  1129 | D:2      | Reached skill level 1 in Crossbows
  1129 | D:2      | Reached skill level 1 in Throwing
  1129 | D:2      | Reached skill level 1 in Armour
  1129 | D:2      | Reached skill level 1 in Shields
  1129 | D:2      | Reached skill level 1 in Unarmed Combat
  1129 | D:2      | Reached skill level 1 in Evocations
  1294 | D:2      | Reached XP level 4. HP: 21/32 MP: 11/11
  1464 | D:2      | Reached skill level 1 in Conjurations
  1464 | D:2      | Reached skill level 1 in Summonings
  1464 | D:2      | Reached skill level 1 in Necromancy
  1464 | D:2      | Reached skill level 1 in Translocations
  1464 | D:2      | Reached skill level 1 in Transmutations
  1464 | D:2      | Reached skill level 1 in Fire Magic
  1464 | D:2      | Reached skill level 1 in Ice Magic
  1464 | D:2      | Reached skill level 1 in Air Magic
  1464 | D:2      | Reached skill level 1 in Earth Magic
  1464 | D:2      | Reached skill level 1 in Poison Magic
  1577 | D:2      | Found a stormy altar of Qazlal.
  1728 | D:2      | Found a glowing golden altar of the Shining One.
  1754 | D:2      | Found a hide-covered altar of Uskayaw.
  1840 | D:2      | Found a runed translucent door.
  1841 | D:2      | Noticed Crazy Yiuf
  1851 | D:2      | Slain by Crazy Yiuf

Illustrated notes

Levels and vault maps discovered:
D:1:      lightli_arrival_flooded_house, layout_loops_ring, minmay_hedge_maze,
          minmay_worlds_worst_comb
D:2:      minmay_thinvault, layout_rooms, nicolae_qazlal_general_emergency,
          minitemple, uniq_crazy_yiuf_cottage

Skill      XL: |  1  2  3  4 |
---------------+-------------+-----
Spellcasting   | 5 |  5.1
Stealth        | 6 |  6.1
Invocations    | 1 |  1.3
Fighting       | 1 |  1.2
Long Blades    | 1 |  1.2
Axes           | 1 |  1.2
Maces & Flails | 1 |  1.2
Polearms       | 1 |  1.2
Staves         | 1 |  1.2
Slings         | 1 |  1.2
Bows           | 1 |  1.2
Crossbows      | 1 |  1.2
Throwing       | 1 |  1.2
Armour         | 1 |  1.2
Shields        | 1 |  1.2
Unarmed Combat | 1 |  1.2
Evocations     | 1 |  1.2
Conjurations   | 1 |  1.0
Summonings     | 1 |  1.0
Necromancy     | 1 |  1.0
Translocations | 1 |  1.0
Transmutations | 1 |  1.0
Fire Magic     | 1 |  1.0
Ice Magic      | 1 |  1.0
Air Magic      | 1 |  1.0
Earth Magic    | 1 |  1.0
Poison Magic   | 1 |  1.0
Short Blades   | |  2.8
Dodging        | |  4.7
Hexes          | |  5.5

Action                   |  1- 3 |  4- 6 || total
-------------------------+-------+-------++-------
Melee: Dagger            |   161 |    68 ||   229
       Bite              |    14 |     8 ||    22
       Punch             |     1 |     1 ||     2
       Whip              |       |    24 ||    24
  Use: Scroll            |     4 |       ||     4
 Stab: Sleeping          |     7 |       ||     7
       Distracted        |       |     1 ||     1
Armor: Robe              |     3 |       ||     3
       Plate armour      |    86 |    52 ||   138
Dodge: Dodged            |    27 |    15 ||    42

Table legend: (Time is in decaauts)
 A = Elapsed time spent in this place.
 B = Non-inter-level travel time spent in this place.
 C = Inter-level travel time spent in this place.
 D = Time resting spent in this place.
 E = Time spent auto-exploring this place.
 F = Levels seen in this place.
 G = Mean time per level.
                   A        B        C        D        E       F      G
               +--------+--------+--------+--------+--------+-----+--------+
         Total |   1821 |   1784 |     37 |     24 |   1331 |   2 |  910.5 |
       Dungeon |   1821 |   1784 |     37 |     24 |   1331 |   2 |  910.5 |
               +--------+--------+--------+--------+--------+-----+--------+

Top non-repeatable levels by time:
     D:1: 924 daAuts
     D:2: 896 daAuts
